 Dungeon Crawl Stone Soup version 0.18-a0-1542-g9c1a92e (webtiles) character file.

744 varam the Covert (level 7, -5/32 HPs)
             Began as a Spriggan Enchanter on Mar 10, 2016.
             Was a Believer of Dithmenos.
             Slain by a mummy (11 damage)
             ... in an ossuary.
             The game lasted 00:29:05 (6012 turns).

varam the Covert (Spriggan Enchanter)               Turns: 6012, Time: 00:29:05

Health: -5/32      AC:  4    Str:  4    XL:     7   Next: 47%
Magic:  2/14       EV: 18    Int: 17    God:    Dithmenos [**....]
Gold:   269        SH:  0    Dex: 18    Spells: 3 memorised, 8 levels left

rFire  . . .     SeeInvis +     t - +0 dagger (venom)
rCold  . . .     Gourm    .     b - +1 robe
rNeg   . . .     Faith    .     (shield restricted)
rPois  .         Spirit   .     (helmet restricted)
rElec  .         Dismiss  .     z - +0 cloak
rCorr  .         Reflect  .     (gloves unavailable)
SustAt +         Harm     .     (boots unavailable)
MR     +....                    (no amulet)
Stlth  ++++++....               i - ring of sustain attributes
                                g - ring of see invisible

@: wreathed by umbra, very quick, somewhat resistant to hostile enchantments,
very stealthy
A: unfitting armour, see invisible, herbivore 3, speed 3, slow metabolism 2
a: Shadow Step, Renounce Religion


You were in an ossuary.
You worshipped Dithmenos.
Dithmenos was pleased with you.
You were not hungry.

You visited 1 branch of the dungeon, and saw 6 of its levels.
You also visited: Ossuary.

You collected 269 gold pieces.

Inventory:

Hand Weapons
 a - a +1 dagger
 t - a +0 dagger of venom (weapon)
Armour
 b - a +1 robe (worn)
 z - a +0 cloak (worn)
Jewellery
 g - a ring of see invisible (left hand)
 i - a ring of sustain attributes (right hand)
 q - a cursed ring of loudness {unknown}
 w - an uncursed amulet of regeneration {unknown}
Wands
 x - a wand of lightning (5/15)
 y - a wand of lightning (10/15)
 E - a wand of paralysis (14/24)
Scrolls
 j - 3 scrolls of teleportation (quivered)
 k - a scroll of acquirement {unknown}
 m - a scroll of amnesia
 o - a scroll of noise
 p - 6 scrolls of remove curse
 s - 2 scrolls of immolation
 u - 3 scrolls of identify
 A - a scroll of recharging {unknown}
 B - a scroll of enchant armour {unknown}
 C - a scroll of random uselessness {unknown}
Potions
 e - a potion of ambrosia
 f - a potion of lignification {unknown}
 h - a potion of flight
 r - a potion of cure mutation {unknown}
 D - a potion of cancellation {unknown}
 F - a potion of invisibility {unknown}
Books
 c - a book of Maledictions

   Spells                             Type                      Level
   a - Corona                         Hexes                        1
   b - Ensorcelled Hibernation        Hexes/Ice                    2
   c - Confuse                        Hexes                        3
   d - Tukima's Dance                 Hexes                        3
   e - Dazzling Spray                 Conjuration/Hexes            3
 l - a book of Geomancy

   Spells                             Type                      Level
   a - Sandblast                      Earth                        1
   b - Passwall                       Transmutation/Earth          2
   c - Stone Arrow                    Conjuration/Earth            3
   d - Petrify                        Transmutation/Earth          4
   e - Lee's Rapid Deconstruction     Earth                        5
Comestibles
 d - 5 bread rations
 v - 4 fruits


   Skills:
 - Level 4.1 Short Blades
 - Level 3.0 Dodging
 - Level 8.0 Stealth
 - Level 4.0 Spellcasting
 * Level 7.5 Hexes


You had 8 spell levels left.
You knew the following spells:

 Your Spells              Type           Power        Failure   Level  Hunger
a - Corona                Hex            ####...      1%          1    None
b - Ensorcelled Hibernat  Hex/Ice        ###...       6%          2    ##.....
c - Confuse               Hex            ####....     1%          3    ###....


Dungeon Overview and Level Annotations

Branches:
Dungeon (6/15)             Temple (0/1) D:5

Altars:
Dithmenos
Fedhas
Gozag
Makhleb
Qazlal
Ru
Trog
Zin

Shops:
D:4 [   D:6 ***


Innate Abilities, Weirdness & Mutations

You are tiny and cannot use many weapons and most armour.
You have supernaturally acute eyesight.
You are a herbivore.
You cover ground extremely quickly.
You need consume almost no food.


Message History

You hit the mummy.
The mummy is severely damaged.
The mummy hits you!
You hit the mummy but do no damage.
The mummy is severely damaged.
You hit the mummy but do no damage.
The mummy is severely damaged.
The mummy hits you!
* * * LOW HITPOINT WARNING * * *
Drink which item? (? for menu, Esc to quit)
Okay, then.
Casting: Corona
Confirm with . or Enter, or press ? or * to list all spells.
Okay, then.
You hit the mummy.
The mummy is severely damaged.
You hit the mummy but do no damage.
The mummy is severely damaged.
The mummy hits you!
You die...

#....................#
#...######..######...#
#...# #..# !.#...#
#...# #..# #.#...#
#...#.####.Z####.#...#
#...#.....ZMZZ.ZZ#...#
#...#.....Z.####.#...#
#...#.......#..#Z#...#
#...#.......#.@MZ#...#
#...#.....∩.######...#
#...####+.... #...#
#...# #...# #...#
#...# #... #...#
#...##############...#
#....................#
#.........∩∩.........#
######################


You could see a mummy, a hobgoblin zombie and a human zombie.

Vanquished Creatures
  A phantom (D:5)
  A howler monkey (D:4)
  A crimson imp (D:5)
  A hound (D:6)
  2 orc priests (D:6)
  2 orc wizards
  3 iguanas
  4 worker ants (D:4)
  A mummy (Ossuary)
  12 adders
  A shadow imp (D:2)
  2 oozes
  2 adder skeletons (D:4)
  3 worms
  2 dart slugs
  3 giant geckos
  11 orcs
  5 giant cockroaches
  10 hobgoblins
  10 jackals
  3 kobolds (D:1)
  2 quokkas
  A ball python (D:2)
  6 bats
  A giant gecko skeleton (D:4)
  3 giant newts
  A goblin (D:2)
  9 hobgoblin zombies (Ossuary)
  6 kobold zombies (Ossuary)
  10 orc zombies (Ossuary)
  5 rats
124 creatures vanquished.

Notes
Turn   | Place    | Note
--------------------------------------------------------------
     0 | D:1      | varam the Spriggan Enchanter began the quest for the Orb.
     0 | D:1      | Reached XP level 1. HP: 9/9 MP: 5/5
   319 | D:1      | Reached XP level 2. HP: 13/13 MP: 4/6
   323 | D:1      | Learned a level 2 spell: Ensorcelled Hibernation
   647 | D:1      | Reached skill level 5 in Stealth
  1111 | D:2      | Reached XP level 3. HP: 16/16 MP: 8/8
  1529 | D:2      | Learned a level 3 spell: Confuse
  1721 | D:2      | Found a burning altar of Makhleb.
  1754 | D:2      | Reached skill level 6 in Stealth
  1855 | D:2      | Reached XP level 4. HP: 21/21 MP: 9/9
  2401 | D:3      | Found a shadowy altar of Dithmenos.
  2407 | D:3      | Became a worshipper of Dithmenos the Shadowed
  2417 | D:3      | Found a stormy altar of Qazlal.
  2420 | D:3      | Found a glowing silver altar of Zin.
  2423 | D:3      | Found a blossoming altar of Fedhas.
  3018 | D:3      | Reached XP level 5. HP: 24/24 MP: 7/10
  3026 | D:3      | Found a bloodstained altar of Trog.
  3142 | D:4      | Reached skill level 7 in Stealth
  3547 | D:4      | Reached XP level 6. HP: 22/28 MP: 1/11
  3672 | D:4      | Reached * piety under Dithmenos
  3672 | D:4      | Reached skill level 8 in Stealth
  3732 | D:4      | Found Comoit's Antique Armour Boutique.
  4068 | D:4      | Reached skill level 5 in Hexes
  4145 | D:5      | Entered Level 5 of the Dungeon
  4208 | D:5      | Found a staircase to the Ecumenical Temple.
  4376 | D:5      | Reached XP level 7. HP: 32/32 MP: 14/14
  4475 | D:5      | Found a sacrificial altar of Ru.
  4817 | D:6      | Found Gozag's Platinum Reserve.
  4830 | D:6      | Found an opulent altar of Gozag.
  4849 | D:6      | Found Zeczun's Assorted Antiques.
  5466 | D:6      | Found Languusm's Assorted Antiques.
  5540 | D:6      | Found a sand-covered staircase.
  5545 | Ossuary  | Entered an ossuary
  5757 | Ossuary  | Reached ** piety under Dithmenos
  6012 | Ossuary  | Slain by a mummy

Vault maps used:
D:1:      dpeg_arrival_round_a
D:2:      makhleb_grotto_becter
D:3:      nicolae_overflow_hidden_temple, grunt_temple_overflow_cloverleaf,
          minivault_27, minmay_tree_intersection
D:4:      serial_shops, shop
D:5:      overflow_temple_1_default, minmay_temple_entry_glass, first_bread
D:6:      nicolae_gozag_zags_fifth_avenue, serial_shops, kennysheep_little_box,
          shop, nicolae_ossuary_entry_false_entrances
Ossuary:  ossuary_tomb_1

Skill      XL: |  1  2  3  4  5  6  7 |
---------------+----------------------+-----
Short Blades   | 2 3 4 |  4.1
Stealth        | 5 6 7 8 |  8.0
Spellcasting   | 3 4 |  4.0
Hexes          | 4 6 7 |  7.5
Dodging        | |  3.0

Action                   |  1- 3 |  4- 6 |  7- 9 || total
-------------------------+-------+-------+-------++-------
Melee: Dagger            |   101 |    88 |   144 ||   333
 Cast: Corona            |    12 |       |     1 ||    13
       Ensorcelled Hiber |     2 |    35 |    18 ||    55
       Confuse           |       |     6 |    25 ||    31
  Use: Potion            |     1 |     5 |     2 ||     8
       Scroll            |       |     6 |     1 ||     7
 Stab: Sleeping          |    23 |    42 |    18 ||    83
       Confused          |       |     3 |    13 ||    16
  Eat: Pizza             |       |     1 |       ||     1
       Fruit             |       |     3 |       ||     3
       Bread ration      |       |       |     1 ||     1
